AoeStats
← prsdntsdghtr

Nomad

510766567Analyzed
4v4 RM · 21h ago on Oct 2, 2026· 58m 24s· 8 players
Game mode
Random Map
Map size
231×231
Population
200
Speed
Normal
Resources
Standard
Victory
Conquest
Starting age
Dark Age
Ending age
Imperial Age
RankedLock teamsTeams togetherTeam positionsShared explorationLock speedFull tech treeHidden civsTurbo modeCheats
Victory
Defeat
🇻🇪 Maya · Venezuela
1249
+13
🇬🇧 Huns · United Kingdom
1179
+16
🇹🇼 Huns · Taiwan
1121
+19
🇨🇳 Varangians · China
1110
+19
🇹🇷 Celts · Türkiye
1243
-19
🇵🇪 Vikings · Peru
1202
-18
🇳🇱 Spanish · Netherlands
1171
-16
🇪🇸 Huns · Spain
1122
-14
kirlito
14:31 Feudal Age
16:02 Wheelbarrow
15:09 Horse Collar
15:31 Double-Bit Axe
15:41 Fishing Lines
18:13 Loom
20:33 Scale Barding Armor
20:38 Forging
23:13 Castle Age
24:20 Hand Cart
24:07 Heavy Plow
24:19 Bow Saw
24:30 Stone Mining
24:31 Gold Mining
25:41 Chain Barding Armor
25:56 Iron Casting
25:48 Bloodlines
25:38 Husbandry
30:42 Marauders
35:59 Gold Shaft Mining
43:02 Imperial Age
hezarfen
5:49 Loom
14:56 Feudal Age
16:22 Wheelbarrow
17:16 Double-Bit Axe
21:17 Forging
21:15 Fishing Lines
24:26 Castle Age
22:20 Stone Mining
22:21 Gold Mining
23:34 Scale Mail Armor
23:40 Scale Barding Armor
23:26 Fletching
23:37 Padded Archer Armor
25:18 Medium Warships
24:29 Demolition Ship
25:28 Hand Cart
25:51 Iron Casting
25:29 Gillnets
26:28 Bow Saw
26:56 Stone Shaft Mining
26:57 Gold Shaft Mining
27:13 Chain Mail Armor
27:26 Murder Holes
29:06 Heated Shot
29:08 Horse Collar
30:16 Heavy Plow
30:07 Town Watch
36:04 Imperial Age
35:08 Chain Barding Armor
37:31 Town Patrol
38:38 Blast Furnace
38:02 Conscription
37:47 Husbandry
37:10 Cavalier
37:30 Pikeman
38:14 Stronghold
39:29 Chemistry
39:10 Ballistics
39:22 Gambesons
40:32 Arrowslits
40:31 Halberdier
42:07 Plate Mail Armor
46:20 Hoardings
45:56 Siege Engineers
46:04 Masonry
47:10 Fletching
47:20 Padded Archer Armor
47:35 Elite Skirmisher
49:48 Bodkin Arrow
Eyaculador de Poemas
5:45 Loom
14:21 Feudal Age
18:31 Castle Age
16:26 Gold Mining
17:03 Double-Bit Axe
17:23 Fletching
17:35 Padded Archer Armor
20:08 Bow Saw
22:02 Gold Shaft Mining
27:03 Town Watch
27:58 Bodkin Arrow
28:39 Town Patrol
28:51 Horse Collar
29:42 Ballistics
29:42 Leather Archer Armor
34:15 Imperial Age
35:17 Bogsveigar
35:44 Conscription
35:30 Bracer
36:00 Ring Archer Armor
36:36 Chemistry
37:29 Treadmill Crane
37:54 Siege Engineers
38:48 Ring Archer Armor
38:17 Murder Holes
38:32 Masonry
prsdntsdghtr
11:04 Loom
11:09 Loom
13:51 Feudal Age
17:24 Wheelbarrow
19:09 Castle Age
17:31 Double-Bit Axe
18:30 Forging
18:34 Stone Mining
22:35 Horse Collar
23:54 Husbandry
28:35 Heavy Plow
29:10 Gold Mining
29:37 Padded Archer Armor
29:28 Fletching
30:21 Elite Skirmisher
33:31 Leather Archer Armor
33:12 Bodkin Arrow
34:06 Bodkin Arrow
35:45 Bow Saw
41:49 Hand Cart
45:38 Imperial Age
Yampi
5:43 Loom
14:07 Feudal Age
19:44 Castle Age
20:13 Gold Mining
20:10 Double-Bit Axe
20:06 Horse Collar
24:52 Fletching
24:49 Crossbowman
25:25 Fletching
27:00 Bodkin Arrow
29:04 Wheelbarrow
30:28 Padded Archer Armor
32:56 Thumb Ring
36:07 Bow Saw
35:59 Heavy Plow
39:17 Imperial Age
39:44 Elite Plumed Archer
40:46 Conscription
40:37 Bracer
40:59 Ballistics
41:47 Leather Archer Armor
43:16 Chemistry
44:52 Ring Archer Armor
46:48 Scale Mail Armor
46:50 Squires
46:37 Arson
48:45 Hand Cart
48:46 Chain Mail Armor
48:42 Forging
48:45 Masonry
48:31 Murder Holes
48:53 Pikeman
49:43 Town Watch
51:00 Two-Man Saw
49:53 Stone Mining
52:55 Plate Mail Armor
53:00 Iron Casting
56:37 Blast Furnace
54:58 Halberdier
55:00 Eagle Warrior
57:47 Coinage
57:19 Caravan
57:33 Guilds
58:13 Hoardings
57:42 Hul'che Javelineers
58:12 Holcans
58:48 Architecture
57:59 Treadmill Crane
58:52 Architecture
58:16 Guard Tower
58:20 Heated Shot
LGD Méin
13:13 Feudal Age
16:50 Castle Age
16:26 Fishing Lines
18:37 Wheelbarrow
17:49 Double-Bit Axe
20:59 Forging
20:47 Gold Mining
24:06 Scale Barding Armor
24:36 Bloodlines
25:45 Horse Collar
26:48 Iron Casting
29:06 Loom
33:42 Husbandry
42:23 Hand Cart
42:43 Town Watch
43:32 Vendel Legacy
45:05 Heavy Plow
48:16 Imperial Age
46:24 Chain Barding Armor
48:34 Bow Saw
49:39 Conscription
51:21 Blast Furnace
51:27 Crop Rotation
52:02 Plate Barding Armor
53:37 Elite Longship
54:53 Padded Archer Armor
54:54 Stone Mining
56:56 Fletching
57:21 Leather Archer Armor
57:44 Spies/Treason
59:18 Shipwright
59:08 Clinker Construction
59:09 Careening
60:00 Chemistry
59:20 Ballistics
59:11 Masonry
58:42 Treadmill Crane
59:08 Siege Engineers
58:58 Murder Holes
58:53 Heated Shot
59:14 Fortified Wall
58:54 Guard Tower
xoxodniw
2:54 Loom
15:58 Feudal Age
19:36 Castle Age
17:24 Double-Bit Axe
17:43 Gold Mining
18:50 Padded Archer Armor
18:40 Fletching
20:59 Wheelbarrow
21:04 Bow Saw
21:35 Bodkin Arrow
23:41 Leather Archer Armor
26:57 Stone Mining
28:27 Gold Shaft Mining
31:05 Horse Collar
36:18 Imperial Age
35:07 Scale Barding Armor
35:03 Scale Mail Armor
35:14 Forging
35:29 Hand Cart
35:51 Bloodlines
35:42 Husbandry
35:53 Forging
36:42 Chain Barding Armor
37:16 Iron Casting
36:33 Cavalier
38:43 Plate Barding Armor
38:49 Guilds
40:36 Blast Furnace
41:07 Ballistics
41:48 Chemistry
44:36 Paladin
46:47 Two-Man Saw
47:20 Heavy Plow
49:44 Bracer
56:10 Masonry
55:56 Murder Holes
58:00 Scale Mail Armor
57:38 Spies/Treason
K
14:05 Feudal Age
14:54 Double-Bit Axe
14:51 Horse Collar
19:30 Castle Age
20:54 Bow Saw
20:45 Heavy Plow
24:25 Heavy Plow
26:28 Gold Mining
27:02 Stone Mining
29:44 Gold Shaft Mining
30:47 Wheelbarrow
29:58 Loom
33:42 Imperial Age
30:58 Town Watch
31:53 Hand Cart
33:21 Hand Cart
33:19 Forging
33:14 Scale Barding Armor
33:12 Husbandry
33:22 Bloodlines
34:32 Marauders
34:10 Elite Tarkan
35:13 Conscription
35:31 Iron Casting
35:18 Chain Barding Armor
38:03 Blast Furnace
37:47 Plate Barding Armor
44:38 Town Patrol
45:00 Atheism
45:09 Atheism
44:47 Fletching
44:58 Padded Archer Armor
44:58 Scale Mail Armor
44:21 Pikeman
45:02 Squires
44:48 Arson
44:24 Man-at-Arms
45:11 Caravan
50:22 Two-Man Saw
48:55 Sappers
49:03 Sappers
49:11 Sappers
50:01 Chain Mail Armor
49:41 Bodkin Arrow
50:02 Leather Archer Armor
49:13 Cavalier
49:13 Light Cavalry
49:21 Halberdier
49:21 Long Swordsman
49:24 Elite Skirmisher
50:10 Thumb Ring
50:30 Parthian Tactics
49:26 Heavy Cavalry Archer
53:02 Ballistics
53:43 Chemistry
52:54 Masonry
54:49 Bracer
55:03 Guilds
55:24 Coinage
56:38 Spies/Treason
Connection lost

Rejoining the realm…

Still unreachable

The connection could not be restored.

Session expired

The server has moved on; the page needs a fresh start.